Warning! The script has encountered some errors when parsing the replay. Please report them to the . » details
0x6E, prev: 0x67: 16 02 09 00 36 4C 00 00 A8 CF 00 00 FD 0F 00 00 DD 74 14 00 84 2A 00 00 22 FD 13 00 A1 39 00 00 68 FC 13 00 0A 4E 00 00 1D A6 14 00 0D 4E 00 00 13 2E 14 00 94 52 00 00 04 76 14 00 CF 5C 00 00 3D A6 14 00 C4 65 00 00 00 2F 14 00 19 64 61 67 [6E] 6C 42 00 00 6C 42 00 00
0x42, prev: 0x6E: 16 02 09 00 36 4C 00 00 A8 CF 00 00 FD 0F 00 00 DD 74 14 00 84 2A 00 00 22 FD 13 00 A1 39 00 00 68 FC 13 00 0A 4E 00 00 1D A6 14 00 0D 4E 00 00 13 2E 14 00 94 52 00 00 04 76 14 00 CF 5C 00 00 3D A6 14 00 C4 65 00 00 00 2F 14 00 19 64 61 67 6E 6C [42] 00 00 6C 42 00 00
0x00, prev: 0x42: 16 02 09 00 36 4C 00 00 A8 CF 00 00 FD 0F 00 00 DD 74 14 00 84 2A 00 00 22 FD 13 00 A1 39 00 00 68 FC 13 00 0A 4E 00 00 1D A6 14 00 0D 4E 00 00 13 2E 14 00 94 52 00 00 04 76 14 00 CF 5C 00 00 3D A6 14 00 C4 65 00 00 00 2F 14 00 19 64 61 67 6E 6C 42 00 00 6C 42 00 [00]
0x42, prev: 0x00: 16 02 09 00 36 4C 00 00 A8 CF 00 00 FD 0F 00 00 DD 74 14 00 84 2A 00 00 22 FD 13 00 A1 39 00 00 68 FC 13 00 0A 4E 00 00 1D A6 14 00 0D 4E 00 00 13 2E 14 00 94 52 00 00 04 76 14 00 CF 5C 00 00 3D A6 14 00 C4 65 00 00 00 2F 14 00 19 64 61 67 6E 6C 42 00 00 6C [42] 00 00
General information
- name: BNet
- type: Ladder team game (AT/RT)
- host: Battle.net
- saver: YourLordYourKin
map: DragonFalls
- players: 8
- length: 70:51
- speed: Fast
- version: 1.26 W3XP
- replay type: Public
» download(308 KB)
Players
team 1 (winner)
YourLordYourKin (
purple | 63 APM | 4446 actions | 70:51)
8 Archmage
3 Summon Water Elemental
3 Brilliance Aura
1 Mass Teleport
1 Blizzard
» actions
| Assign group hotkey | 114 | |
| Basic commands | 395 | |
| Build / train | 133 | |
| Enter build submenu | 61 | |
| Enter hero's abilities submenu | 8 | |
| Give item / drop item | 2 | |
| Remove unit from queue | 3 | |
| Right click | 1557 | |
| Select / deselect | 927 | |
| Select group hotkey | 1077 | |
| Use ability | 169 | |
4446 total
» units
| Peasant | 16 | |
| Footman | 3 | |
| Rifleman | 5 | |
| Goblin Shredder | 2 | |
| Goblin Zeppelin | 6 | |
| Green Drake | 1 | |
| Green Dragon Whelp | 2 | |
| Green Dragon | 6 | |
| Gryphon Rider | 5 | |
| Dragonhawk Rider | 2 | |
| Goblin Sapper | 21 | |
69 total
» upgrades
| Long Rifles | 1 | |
| Gunpowder | 3 | |
| Lumber Harvesting | 1 | |
| Armor | 3 | |
| Masonry | 2 | |
| Swords | 3 | |
| Storm Hammers | 1 | |
| Cloud | 1 | |
| Plating | 1 | |
16 total
» buildings
| Altar of Kings | 1 | |
| Barracks | 4 | |
| Farm | 18 | |
| Blacksmith | 2 | |
| Keep | 1 | |
| Town Hall | 7 | |
| Arcane Vault | 1 | |
| Lumber Mill | 3 | |
| Scout Tower | 32 | |
| Guard Tower | 7 | |
| Castle | 1 | |
| Gryphon Aviary | 5 | |
82 total
» build order
00:43 Altar of Kings
00:52 Barracks
00:55 Farm
01:07 Farm
01:11 Farm
02:03 Farm
03:11 Blacksmith
03:40 Keep
04:02 Town Hall
04:57 Arcane Vault
05:31 Lumber Mill
05:42 Barracks
05:52 Farm
07:48 Blacksmith
10:04 Barracks
10:06 Barracks
12:10 Scout Tower
12:11 Scout Tower
12:12 Scout Tower
12:14 Scout Tower
12:21 Scout Tower
12:23 Scout Tower
12:25 Scout Tower
12:33 Town Hall
12:36 Scout Tower
12:37 Scout Tower
12:38 Scout Tower
12:39 Scout Tower
12:42 Scout Tower
12:43 Scout Tower
12:43 Scout Tower
12:44 Scout Tower
13:10 Farm
13:17 Guard Tower
13:20 Scout Tower
13:21 Scout Tower
13:21 Scout Tower
13:22 Scout Tower
13:23 Scout Tower
13:24 Scout Tower
13:25 Scout Tower
13:25 Scout Tower
13:39 Guard Tower
13:52 Farm
13:55 Lumber Mill
14:07 Guard Tower
14:09 Guard Tower
14:14 Scout Tower
14:43 Castle
14:53 Guard Tower
16:16 Guard Tower
16:51 Town Hall
16:55 Scout Tower
16:57 Scout Tower
16:58 Scout Tower
17:01 Scout Tower
17:03 Scout Tower
17:05 Scout Tower
17:06 Scout Tower
17:07 Scout Tower
18:44 Gryphon Aviary
18:45 Gryphon Aviary
18:46 Gryphon Aviary
18:47 Gryphon Aviary
18:49 Gryphon Aviary
19:47 Farm
19:50 Guard Tower
19:53 Farm
19:53 Farm
19:54 Farm
19:56 Farm
19:56 Farm
19:58 Farm
19:58 Farm
20:05 Town Hall
36:55 Lumber Mill
38:21 Town Hall
42:05 Farm
45:09 Town Hall
48:10 Town Hall
» items
| Scroll of Regeneration | 3 | |
| Scroll of Town Portal | 4 | |
| Potion of Healing | 4 | |
| Healing Salve | 1 | |
| Scroll of Healing | 1 | |
| Tome of Retraining | 1 | |
| Ivory Tower | 3 | |
17 total
painkiller20 (
teal | 13 APM | 937 actions | 70:50)
5 Demon Hunter
3 Evasion
2 Mana Burn
4 Dark Ranger
2 Black Arrow
2 Life Drain
» actions
| Basic commands | 12 | |
| Build / train | 84 | |
| Enter build submenu | 21 | |
| Enter hero's abilities submenu | 9 | |
| Right click | 290 | |
| Select / deselect | 454 | |
| Use ability | 64 | |
937 total
» units
| Wisp | 22 | |
| Huntress | 6 | |
| Hippogryph | 7 | |
| Druid of the Talon | 7 | |
| Chimaera | 2 | |
| Satyr Shadowdancer | 2 | |
| Furbolg Shaman | 2 | |
| Thunder Lizard | 1 | |
| Goblin Zeppelin | 1 | |
| Green Drake | 1 | |
| Green Dragon Whelp | 1 | |
52 total
» upgrades
| Ultravision | 1 | |
| Strength of the Wild | 2 | |
| Reinforced Hides | 2 | |
| Druid of the Talon Training | 2 | |
| Mark of the Talon | 1 | |
| Corrosive Breath | 1 | |
9 total
» buildings
| Altar of Elders | 1 | |
| Moon Well | 6 | |
| Hunter's Hall | 1 | |
| Ancient of War | 1 | |
| Ancient Protector | 5 | |
| Tree of Ages | 1 | |
| Tree of Life | 3 | |
| Ancient of Wind | 2 | |
| Tree of Eternity | 1 | |
| Chimaera Roost | 1 | |
| Ancient of Wonders | 1 | |
23 total
» build order
00:22 Altar of Elders
00:37 Moon Well
01:08 Hunter's Hall
01:46 Ancient of War
02:00 Moon Well
02:25 Moon Well
03:25 Ancient Protector
04:12 Tree of Ages
07:03 Tree of Life
07:26 Ancient of Wind
07:30 Ancient of Wind
08:31 Tree of Eternity
08:47 Moon Well
12:54 Chimaera Roost
14:20 Moon Well
14:43 Ancient of Wonders
15:02 Ancient Protector
15:05 Ancient Protector
15:11 Ancient Protector
15:15 Ancient Protector
19:12 Moon Well
20:09 Tree of Life
29:11 Tree of Life
» items
| Scroll of Town Portal | 6 | |
| Staff of Teleportation | 1 | |
| Moonstone | 1 | |
| Potion of Healing | 2 | |
10 total
VampireBill (
yellow | 15 APM | 1063 actions | 70:50)
7 Far Seer
3 Feral Spirit
3 Chain Lighting
1 Earth Quake
» actions
| Assign group hotkey | 3 | |
| Basic commands | 2 | |
| Build / train | 72 | |
| Enter build submenu | 13 | |
| Enter hero's abilities submenu | 7 | |
| Give item / drop item | 2 | |
| Right click | 565 | |
| Select / deselect | 331 | |
| Select group hotkey | 5 | |
| Use ability | 63 | |
1063 total
» units
» upgrades
| Armor | 3 | |
| Melee Weapons | 3 | |
| Berserker Strength | 1 | |
| Shaman Training | 2 | |
9 total
» buildings
| Orc Burrow | 8 | |
| Altar of Storms | 1 | |
| Barracks | 2 | |
| Voodoo Lounge | 1 | |
| Stronghold | 1 | |
| War Mill | 1 | |
| Great Hall | 1 | |
| Spirit Lodge | 1 | |
| Fortress | 1 | |
17 total
» build order
00:06 Orc Burrow
00:07 Altar of Storms
01:07 Barracks
01:39 Orc Burrow
02:04 Barracks
02:45 Voodoo Lounge
03:14 Orc Burrow
05:27 Orc Burrow
05:33 Stronghold
06:04 War Mill
07:15 Great Hall
08:35 Spirit Lodge
09:16 Fortress
11:14 Orc Burrow
11:15 Orc Burrow
11:16 Orc Burrow
16:53 Orc Burrow
» items
| Healing Salve | 5 | |
| Scroll of Town Portal | 1 | |
6 total

»
ifimBLUEiLeave (
orange | 27 APM | 1880 actions | 70:50)
10 Priestess of the Moon
3 Searing Arrows
3 Scout
3 Trueshot Aura
1 Starfall
» actions
| Assign group hotkey | 28 | |
| Basic commands | 29 | |
| Build / train | 104 | |
| Enter build submenu | 26 | |
| Enter hero's abilities submenu | 10 | |
| Give item / drop item | 3 | |
| Right click | 1128 | |
| Select / deselect | 398 | |
| Select group hotkey | 59 | |
| Use ability | 95 | |
1880 total
» units
| Wisp | 24 | |
| Huntress | 5 | |
| Dryad | 29 | |
| Glaive Thrower | 2 | |
| Thunder Lizard | 1 | |
| Satyr Shadowdancer | 1 | |
| Furbolg Shaman | 1 | |
63 total
» upgrades
| Abolish Magic | 1 | |
| Reinforced Hides | 2 | |
| Strength of the Wild | 2 | |
5 total
» buildings
| Altar of Elders | 4 | |
| Moon Well | 6 | |
| Hunter's Hall | 2 | |
| Ancient of War | 2 | |
| Ancient Protector | 2 | |
| Ancient of Wonders | 1 | |
| Tree of Ages | 1 | |
| Ancient of Lore | 2 | |
| Tree of Life | 3 | |
23 total
» build order
00:50 Altar of Elders
01:02 Moon Well
01:21 Hunter's Hall
01:56 Ancient of War
02:29 Moon Well
02:51 Ancient Protector
03:02 Ancient of Wonders
04:14 Tree of Ages
04:39 Ancient Protector
05:41 Moon Well
06:38 Ancient of Lore
06:39 Ancient of Lore
07:44 Moon Well
11:06 Moon Well
53:22 Altar of Elders
53:31 Tree of Life
58:10 Altar of Elders
59:03 Hunter's Hall
60:17 Tree of Life
60:50 Moon Well
61:07 Tree of Life
61:34 Altar of Elders
63:52 Ancient of War
» items
| Lesser Clarity Potion | 1 | |
| Dust of Appearance | 1 | |
| Moonstone | 1 | |
| Boots of Speed | 1 | |
| Potion of Lesser Invulnerability | 5 | |
| Scroll of Healing | 3 | |
| Scroll of Protection | 1 | |
| Scroll of Town Portal | 5 | |
| Potion of Healing | 5 | |
| Potion of Mana | 1 | |
24 total
team 2 (loser)
TanksNotEngines (
green | 54 APM | 3792 actions | 70:50)
8 Archmage
3 Blizzard
3 Brilliance Aura
1 Mass Teleport
1 Summon Water Elemental
1 Pandaren Brewmaster
1 Breath of Fire
» actions
| Assign group hotkey | 83 | |
| Basic commands | 189 | |
| Build / train | 186 | |
| ESC pressed | 5 | |
| Enter build submenu | 41 | |
| Enter hero's abilities submenu | 11 | |
| Give item / drop item | 1 | |
| Remove unit from queue | 41 | |
| Right click | 1394 | |
| Select / deselect | 914 | |
| Select group hotkey | 827 | |
| Select subgroup | 1 | |
| Use ability | 99 | |
3792 total
» units
| Peasant | 19 | |
| Footman | 3 | |
| Flying Machine | 65 | |
| Siege Engine | 7 | |
| Goblin Sapper | 1 | |
95 total
» upgrades
| Gunpowder | 3 | |
| Plating | 3 | |
| Lumber Harvesting | 2 | |
| Flying Machine Bombs | 1 | |
| Flak Cannons | 1 | |
| Masonry | 3 | |
| Barrage | 1 | |
14 total
» buildings
| Altar of Kings | 2 | |
| Farm | 12 | |
| Barracks | 1 | |
| Keep | 2 | |
| Arcane Vault | 1 | |
| Town Hall | 3 | |
| Blacksmith | 2 | |
| Lumber Mill | 4 | |
| Workshop | 4 | |
| Scout Tower | 7 | |
| Guard Tower | 12 | |
| Castle | 2 | |
52 total
» build order
00:04 Altar of Kings
00:07 Farm
00:39 Barracks
01:48 Farm
02:27 Farm
03:08 Keep
03:34 Arcane Vault
05:06 Town Hall
05:18 Blacksmith
05:30 Lumber Mill
06:22 Workshop
06:26 Workshop
06:32 Farm
06:43 Scout Tower
06:46 Scout Tower
07:15 Guard Tower
07:23 Guard Tower
07:37 Guard Tower
08:51 Castle
12:20 Guard Tower
14:46 Farm
19:40 Scout Tower
19:41 Scout Tower
19:43 Scout Tower
19:46 Scout Tower
19:49 Scout Tower
19:51 Keep
20:08 Guard Tower
20:09 Guard Tower
21:54 Guard Tower
22:35 Lumber Mill
22:37 Lumber Mill
23:48 Guard Tower
23:58 Guard Tower
24:43 Guard Tower
25:03 Altar of Kings
26:02 Guard Tower
26:19 Blacksmith
26:21 Castle
28:06 Workshop
28:09 Workshop
29:23 Farm
29:28 Farm
29:32 Farm
30:22 Farm
30:24 Farm
33:26 Farm
33:29 Farm
34:20 Town Hall
44:14 Town Hall
44:17 Lumber Mill
» items
| Lesser Clarity Potion | 1 | |
| Ivory Tower | 4 | |
| Potion of Healing | 1 | |
| Scroll of Regeneration | 1 | |
| Periapt of Vitality | 1 | |
| Boots of Speed | 1 | |
| Staff of Teleportation | 1 | |
10 total
Rock55 (
red | 29 APM | 1791 actions | 62:07)
4 Dark Ranger
2 Life Drain
2 Black Arrow
1 Priestess of the Moon
1 Searing Arrows
2 Keeper of the Grove
2 Entangling Roots
2 Paladin
1 Holy Light
1 Divine Shield
» actions
| Basic commands | 61 | |
| Build / train | 91 | |
| Enter build submenu | 39 | |
| Enter hero's abilities submenu | 9 | |
| Give item / drop item | 2 | |
| Right click | 698 | |
| Select / deselect | 747 | |
| Use ability | 144 | |
1791 total
» units
| Wisp | 14 | |
| Archer | 8 | |
| Chimaera | 6 | |
| Hippogryph | 8 | |
| Dryad | 4 | |
| Rifleman | 8 | |
| Peasant | 6 | |
54 total
» upgrades
| Corrosive Breath | 1 | |
| Abolish Magic | 1 | |
2 total
» buildings
| Altar of Elders | 1 | |
| Ancient of War | 1 | |
| Moon Well | 9 | |
| Tree of Ages | 1 | |
| Tree of Eternity | 1 | |
| Arcane Tower | 4 | |
| Hunter's Hall | 1 | |
| Ancient of Wind | 1 | |
| Chimaera Roost | 2 | |
| Ancient of Lore | 1 | |
| Castle | 1 | |
| Blacksmith | 1 | |
| Scout Tower | 13 | |
| Lumber Mill | 1 | |
| Farm | 3 | |
| Guard Tower | 7 | |
| Town Hall | 4 | |
52 total
» build order
00:22 Altar of Elders
00:27 Ancient of War
00:31 Moon Well
02:00 Moon Well
03:05 Moon Well
05:34 Moon Well
06:11 Tree of Ages
08:49 Tree of Eternity
08:53 Moon Well
11:57 Arcane Tower
12:01 Arcane Tower
12:29 Moon Well
12:33 Hunter's Hall
12:37 Ancient of Wind
13:36 Arcane Tower
14:29 Chimaera Roost
14:32 Chimaera Roost
16:09 Ancient of Lore
17:00 Moon Well
19:59 Castle
21:11 Moon Well
22:19 Blacksmith
24:09 Scout Tower
24:18 Lumber Mill
24:26 Farm
24:40 Arcane Tower
24:42 Scout Tower
25:20 Farm
25:32 Moon Well
26:24 Scout Tower
27:06 Guard Tower
27:09 Scout Tower
27:19 Farm
28:12 Guard Tower
28:15 Scout Tower
29:00 Guard Tower
29:32 Scout Tower
38:54 Town Hall
39:15 Scout Tower
39:19 Scout Tower
39:25 Scout Tower
39:29 Scout Tower
39:37 Scout Tower
40:04 Guard Tower
40:11 Guard Tower
40:50 Scout Tower
41:29 Guard Tower
41:35 Scout Tower
43:42 Guard Tower
45:48 Town Hall
55:29 Town Hall
56:06 Town Hall
» items

»
cobra7987 (
pink | 26 APM | 487 actions | 18:42)
3 Pandaren Brewmaster
2 Drunken Haze
1 Breath of Fire
3 Goblin Alchemist
1 Chemical Rage
1 Healing Spray
1 Acid Bomb
1 Goblin Tinker
1 Pocket Factory
» actions
| Assign group hotkey | 8 | |
| Build / train | 42 | |
| Enter build submenu | 18 | |
| Enter hero's abilities submenu | 7 | |
| Give item / drop item | 3 | |
| Remove unit from queue | 2 | |
| Right click | 95 | |
| Select / deselect | 102 | |
| Select group hotkey | 158 | |
| Use ability | 48 | |
487 total
» units
» upgrades
| Abolish Magic | 1 | |
| Strength of the Wild | 3 | |
| Reinforced Hides | 1 | |
5 total
» buildings
| Altar of Elders | 1 | |
| Moon Well | 9 | |
| Tree of Ages | 1 | |
| Hunter's Hall | 1 | |
| Ancient of Wonders | 1 | |
| Tree of Eternity | 1 | |
| Ancient of Lore | 2 | |
| Ancient of Wind | 2 | |
18 total
» build order
00:05 Altar of Elders
00:09 Moon Well
02:02 Tree of Ages
02:33 Hunter's Hall
02:37 Moon Well
02:42 Ancient of Wonders
04:24 Tree of Eternity
04:46 Moon Well
04:51 Ancient of Lore
04:54 Ancient of Lore
05:46 Moon Well
05:49 Moon Well
06:23 Ancient of Wind
07:36 Moon Well
07:40 Ancient of Wind
07:50 Tree of Eternity
08:42 Moon Well
12:17 Moon Well
14:23 Moon Well
» items

»
Dark_Monkey_316 (
blue | 23 APM | 453 actions | 19:46)
2 Paladin
1 Divine Shield
1 Holy Light
» actions
| Assign group hotkey | 14 | |
| Basic commands | 2 | |
| Build / train | 49 | |
| Enter build submenu | 18 | |
| Enter hero's abilities submenu | 2 | |
| Give item / drop item | 1 | |
| Right click | 156 | |
| Select / deselect | 164 | |
| Select group hotkey | 17 | |
| Use ability | 30 | |
453 total
» units
» upgrades
| Masonry | 3 | |
| Lumber Harvesting | 2 | |
| Swords | 3 | |
| Plating | 2 | |
| Animal War Training | 1 | |
11 total
» buildings
| Altar of Kings | 2 | |
| Farm | 7 | |
| Lumber Mill | 1 | |
| Barracks | 2 | |
| Blacksmith | 1 | |
| Arcane Vault | 1 | |
| Keep | 2 | |
| Castle | 1 | |
| Town Hall | 1 | |
18 total
» build order
00:18 Altar of Kings
00:25 Farm
01:28 Lumber Mill
01:47 Barracks
02:54 Farm
03:39 Farm
04:05 Blacksmith
04:55 Arcane Vault
05:05 Keep
05:29 Farm
06:21 Farm
07:41 Castle
08:09 Town Hall
08:38 Farm
09:45 Farm
16:40 Keep
17:39 Altar of Kings
17:52 Barracks
» items
Chat log
(00:27 / Allies) ifimBLUEiLeave: wazup
(00:36 / Allies) ifimBLUEiLeave: crazy map
(00:38 / All) YourLordYourKin: Your mother should know
(00:47 / Allies) YourLordYourKin: That's a beatles song lozl
(00:56 / Allies) ifimBLUEiLeave: dryz
(01:18 / Allies) YourLordYourKin: rifles
(10:47 / Allies) painkiller20: wow
(13:47 / Allies) YourLordYourKin: wood
(15:03 / All) VampireBill: lol
(18:09 / All) cobra7987: haha green has 6k gold and thinks 12 copters is an army
(18:14 / All) TanksNotEngines: I had 24
(18:38 / All) cobra7987: we deserve this lose green is an idiot
(18:58 / All) Dark_Monkey_316: build more fucking farms you idiot
(19:09 / All) TanksNotEngines: Why, I'm not going over 50 food
(19:19 / All) Dark_Monkey_316: and that is why we lose
(20:32 / Allies) painkiller20: purp what is your deal
(22:04 / Allies) painkiller20: purp why tk
(22:12 / All) YourLordYourKin: Suck my dick teal
(24:07 / All) VampireBill: w
(24:10 / Allies) VampireBill: wtf purple
(24:13 / Allies) VampireBill: u fucking asshol;e
(25:09 / Allies) VampireBill: \urt a fuckign loser fagget dick purpl;e
(25:10 / Allies) VampireBill: fuck u
(26:50 / Allies) VampireBill: purple FUCK OFF U FAGGET
(27:20 / Allies) VampireBill: FUCK U PURPLE U FUCKING DOUCHE BAG PEICE OF SHIT
(27:23 / Allies) VampireBill: GO FUCK URSELF
(27:25 / All) VampireBill: LOSER
(27:40 / Allies) painkiller20: gold yellow
(27:51 / All) Rock55: Is that all you got losers
(28:12 / All) VampireBill: Purple is killing all our bases u peice of shit red u noob fagget
(28:16 / All) ifimBLUEiLeave: wave 2
(28:41 / All) YourLordYourKin: epic battle son
(29:40 / All) Rock55: 2000 gold
(29:58 / All) TanksNotEngines: I'm not with God today. I am sorry
(30:29 / All) Rock55: please 2000 gold
(30:29 / Allies) VampireBill: oj go to a tavern i wanna see if i can get my hero back
(30:38 / All) TanksNotEngines: I will, for 2000 wood
(32:12 / All) TanksNotEngines: Red, do you remember that game where purple and I backstabbed you on Gold Rush?
(32:16 / All) TanksNotEngines: You said we're not with God
(32:21 / All) TanksNotEngines: So I cannot help you. God is not with me
(32:24 / All) YourLordYourKin: That'll show you to kill my zeppelin you piece of shit
(32:47 / All) Rock55: hey its you guys again
(33:14 / All) Rock55: gold
(33:41 / All) YourLordYourKin: You can't run from me
(35:39 / All) Rock55: dude
(35:41 / All) painkiller20: can you guys just leave
(37:06 / All) painkiller20: GG BYE
(37:37 / All) Rock55: Yourlordyourkin i think your about to betray your team
(37:44 / All) YourLordYourKin: lol
(37:47 / All) TanksNotEngines: He did like 20 minutes ago
(38:01 / All) YourLordYourKin: He's observant
(38:08 / All) Rock55: Then why haven,t we won yet
(38:14 / All) TanksNotEngines: You're Rock55
(38:43 / All) painkiller20: and next time i see purp i am tking him Goodbye jews style
(38:56 / All) TanksNotEngines: GOODBYE JEWS GOODBYE JEWS GOODBYE JEWS GOODBYE JEWS
(39:04 / All) painkiller20: rolf
(39:19 / All) TanksNotEngines: Rolf from Mount & Blade Warband?
(39:31 / All) TanksNotEngines: Are you Rolf, son of Rolf, of the most ancient and puissant house of Rolf?
(39:47 / All) painkiller20: typo son
(39:52 / All) TanksNotEngines: rolf
(39:56 / All) YourLordYourKin: I am your rightful ruler, I order you to spare me your presence and that you stay your saucy tongue
(40:02 / All) painkiller20: not a dog
(40:06 / All) TanksNotEngines: rolf
(40:34 / All) painkiller20: just leave green this is dumb
(40:36 / All) Rock55: come on
(43:11 / All) Rock55: BITCH
(44:52 / All) Rock55: WHY DO YOU GUYS HAVE TO BE SUCH A PAIN AND PEST
(45:07 / All) TanksNotEngines: Which of us is pain and which is pest?
(45:07 / All) YourLordYourKin: God wills it
(45:23 / All) Rock55: BOTH OF YOU
(45:28 / All) painkiller20: well leave then i dont like thjis game
(45:35 / All) TanksNotEngines: I do. WC3 forever
(46:13 / All) VampireBill: because they are both low life losers who will for the rest of their lives resort to masterbation because even the ugliest
(46:31 / All) VampireBill: girl in the world would not open her legs
(46:32 / All) YourLordYourKin: why are you still here son
(46:51 / All) VampireBill: because god wills it fagget
(47:27 / All) Rock55: BECAUSE i LIKE TO SEE YOU GUYS MAKE A FOOL OF YOUR SELFS
(47:45 / All) painkiller20: purp the fool
(47:51 / All) YourLordYourKin: Au contraire my young chum, it is you that is making the fool of yourself
(47:54 / All) TanksNotEngines: Red, how old are you?
(48:26 / All) Rock55: OMG!!!!!!!!!!!!!!!!!!!!!!!!!!!!!!!!!!!!!!!!!!!!!!!!!!!!!!!!!!!!!!!!!!!!!!!!!!!!!!!!!!!!!!!!!!!!!!!!!!!!!!!!!!!!!!!!!!!!!!!!!!!!
(48:37 / All) YourLordYourKin: Don't leave that corner orange or yo udie
(48:47 / All) painkiller20: tanks now green?
(48:52 / All) YourLordYourKin: Orange you die
(48:58 / All) YourLordYourKin: IF you leave this corner
(49:32 / All) YourLordYourKin: I warned you
(49:50 / Allies) YourLordYourKin: \
(49:53 / All) YourLordYourKin: want some gold orange?
(50:23 / All) painkiller20: lol yeah he only 30000 gold
(51:36 / All) painkiller20: you die by tanks purp
(51:42 / All) YourLordYourKin: So?
(51:44 / All) TanksNotEngines: We're on team 3
(59:14 / All) ifimBLUEiLeave: fail
(61:05 / All) Rock55: BYE BITHCHES
(61:09 / All) TanksNotEngines: Stay sir
(61:12 / All) TanksNotEngines: You haven't lost yet
(61:17 / All) TanksNotEngines: We are going to do a standoff
(61:21 / All) Rock55: S
(61:24 / All) TanksNotEngines: Everyone will have an equal chance of winning
(61:30 / All) TanksNotEngines: We will kill everything, including our own stuff
(61:43 / All) Rock55: NOOOOOOOOOOOOOOOOOOOOOOOOO!!!!!!!!!!!!!!!!!!!!!!!!!!!!!!!!!!!!!!!!11
(62:51 / All) painkiller20: lol you guys still playing? you sure can drag things out
(66:52 / All) YourLordYourKin: he almost won the game
(67:02 / All) YourLordYourKin: Very close
(67:08 / All) TanksNotEngines: We really cut that close
(69:47 / All) painkiller20: STILL playing? k back in a while
(69:54 / All) YourLordYourKin: you're about to lose
(69:57 / All) TanksNotEngines: Killing your last buildings
(70:47 / All) painkiller20: you suck at tk purp cant even kill your self